 Dungeon Crawl Stone Soup version 0.30.1-4-g462c640d31 (webtiles) character file.

Game seed: 1446214748289391660

663 fenelon the Chopper (level 7, -2/60 HPs)
             Began as a Minotaur Fighter on Sept 12, 2023.
             Was a Follower of the Shining One.
             Slain by a gnoll sergeant
             ... wielding a +2 heavy trident
              (8 damage)
             ... on level 5 of the Dungeon.
             The game lasted 00:10:12 (3253 turns).

fenelon the Chopper (Minotaur Fighter)              Turns: 3253, Time: 00:10:13

Health: -2/60      AC:  8    Str: 23    XL:     7   Next: 31%
Magic:  6/6        EV: 10    Int:  5    God:    the Shining One [*.....]
Gold:   325        SH:  4    Dex:  9    Spells: 6/6 levels left

rFire   . . .        a - +0 war axe
rCold   . . .        c - +0 buckler
rNeg    . . .        b - +0 scale mail
rPois   .            (helmet restricted)
rElec   .            l - +0 cloak
rCorr   .            (no gloves)
SInv    .            (no boots)
Will    .....        (no amulet) Stlth
                     (no ring)
HPRegen 0.30/turn    (no ring)
MPRegen 0.10/turn

%: no passive effects
@: glowing
A: horns 2, retaliatory headbutt
a: Renounce Religion, Divine Shield


You were on level 5 of the Dungeon.
You worshipped the Shining One.
The Shining One was aware of your devotion.
You visited 1 branch of the dungeon, and saw 5 of its levels.

You collected 325 gold pieces.

Inventory:

Hand Weapons
 a - a +0 war axe (weapon)
 s - a +0 hand axe
Armour
 b - a +0 scale mail (worn)
 c - a +0 buckler (worn)
 l - a +0 cloak (worn)
Wands
 q - a wand of flame (44)
Scrolls
 e - 12 scrolls of identify {unknown}
 f - 2 scrolls of enchant weapon {unknown}
 g - 3 scrolls of teleportation {unknown}
 i - a scroll of vulnerability {unknown}
 k - a scroll of fear {unknown}
 m - 2 scrolls of magic mapping {unknown}
 n - a scroll of amnesia {unknown}
Potions
 d - 2 potions of might
 h - 3 potions of flight {unknown}
 j - 3 potions of attraction {unknown}
 o - 3 potions of curing {unknown}
 p - a potion of lignification {unknown}
 r - a potion of brilliance {unknown}


   Skills:
 + Level 4.9 Fighting
 + Level 7.2 Axes
 + Level 5.7 Armour
 + Level 1.4 Dodging
 + Level 0.1 Stealth
 + Level 4.8 Shields


You had 6 spell levels left.
You didn't know any spells.
Your spell library contained the following spells:

 Spells                   Type           Power      Damage    Failure   Level
 Cigotuvi's Dreadful Rot  Necr/Pois/Air  0%         N/A       92%         2
 Ignite Poison            Fire/Tmut/Pois 0%         N/A       99%         3
 Ozocubu's Armour         Ice            0%         N/A       99%         3
 Freezing Cloud           Conj/Ice/Air   0%         6-21      100%        5
 Metabolic Englaciation   Hex/Ice        0%         N/A       100%        5
 Summon Forest            Summ/Tloc      0%         N/A       100%        5
 Eringya's Noxious Bog    Tmut/Pois      0%         N/A       100%        6
 Simulacrum               Ice/Necr       0%         N/A       100%        6
 Summon Hydra             Summ           0%         N/A       100%        7


Dungeon Overview and Level Annotations

Branches:
Dungeon (5/15)
 Temple: D:4-7

Altars:
Ashenzari
Gozag
Nemelex Xobeh
Qazlal
Ru
Trog
Xom
Zin
The Shining One


Innate Abilities, Weirdness & Mutations

You have a pair of horns on your head.
You reflexively headbutt those who attack you in melee.


Message History

The gnoll hits you from afar with a +1 halberd of protection.
You climb upwards.
There is a stone staircase leading down here.
You start resting.
HP restored.
You see here 4 stones.
There is a stone staircase leading down here.
You climb downwards.
There is a stone staircase leading up here.
The gnoll hits you with a +1 halberd of protection!
You hit the gnoll.
You headbutt the gnoll, but do no damage.
The gnoll is lightly wounded.
You block the gnoll's attack.
You hit the gnoll. Your headbutt misses the gnoll.
The gnoll is moderately wounded.
The gnoll barely misses you. You furiously retaliate!
You headbutt the gnoll!
You kill the gnoll!
The gnoll sergeant hits you from afar with a +2 heavy trident!
Things that are here:
a +1 halberd of protection; a gnoll corpse You hit the gnoll sergeant.
You headbutt the gnoll sergeant, but do no damage.
The gnoll sergeant is lightly wounded.
The gnoll sergeant hits you with a +2 heavy trident!
You hit the gnoll sergeant but do no damage.
You headbutt the gnoll sergeant, but do no damage.
The gnoll sergeant is lightly wounded.
The gnoll sergeant hits you with a +2 heavy trident!
* * * LOW HITPOINT WARNING * * *
You slash the gnoll sergeant!
The gnoll sergeant is heavily wounded.
The gnoll sergeant hits you with a +2 heavy trident!
* * * LOW HITPOINT WARNING * * *
You hit the gnoll sergeant but do no damage.
The gnoll sergeant is heavily wounded.
You slash the gnoll sergeant!
The gnoll sergeant is almost dead.
The gnoll sergeant hits you with a +2 heavy trident!
You die...

####### #.....##
#####..<...######
...##...........#
.#.........####.######
..)†.##...###...<....#
#.##.###### #.#).....#
#.##.# #####.#.@....#
#..#.# ..... ##g....#
##.#.#
......##.....### .#.#
.....g)........# ...#
...(..###..###.# .###
..... #..# .# ....
#.... ... #.##$# ##
#.# .#


You could see a gnoll sergeant.

Vanquished Creatures
  Sigmund (D:3)
  2 scorpions
  An orc priest (D:4)
  A jelly (D:5)
  Terence (D:3)
  Jessica (D:3)
  3 orc wizards
  4 gnolls (D:5)
  3 adders
  A white imp (D:3)
  3 dart slugs
  3 worms
  10 orcs
  6 ball pythons
  3 endoplasms
  5 giant cockroaches
  4 goblins
  6 hobgoblins
  10 jackals
  8 quokkas
  9 bats
  5 frilled lizards (D:1)
  A goblin skeleton (D:3)
  A goblin zombie (D:3)
  2 hobgoblin zombies (D:3)
  7 kobolds
  A kobold skeleton (D:3)
  A kobold zombie (D:3)
  2 orc skeletons (D:3)
  An orc zombie (D:3)
  7 rats
113 creatures vanquished.

Notes
Turn   | Place    | Note
-------+----------+-------------------------------------------
     0 | D:1      | fenelon the Minotaur Fighter began the quest for the Orb.
     0 | D:1      | Reached XP level 1. HP: 19/19 MP: 0/0
    94 | D:1      | Reached XP level 2. HP: 24/27 MP: 1/1
   487 | D:1      | Reached XP level 3. HP: 31/32 MP: 2/2
   489 | D:1      | Reached skill level 3 in Axes
  1228 | D:2      | Reached XP level 4. HP: 40/40 MP: 3/3
  1240 | D:3      | Noticed a scorpion
  1246 | D:3      | Killed a scorpion
  1247 | D:3      | Reached skill level 4 in Axes
  1266 | D:3      | Noticed Jessica
  1269 | D:3      | Killed Jessica
  1270 | D:3      | Reached skill level 1 in Dodging
  1270 | D:3      | Reached XP level 5. HP: 47/47 MP: 4/4
  1332 | D:3      | Found a glowing golden altar of the Shining One.
  1432 | D:3      | Became a worshipper of the Shining One
  1509 | D:3      | Identified the +0 pair of boots of the Valley of Death
                  | {Regen+ Int+2}
  1529 | D:3      | Noticed Sigmund
  1535 | D:3      | Killed Sigmund
  1536 | D:3      | Reached skill level 5 in Axes
  1536 | D:3      | Reached XP level 6. HP: 34/55 MP: 5/5
  1706 | D:3      | Reached skill level 6 in Axes
  2001 | D:3      | Noticed Terence
  2011 | D:3      | Killed Terence
  2434 | D:4      | Found a shimmering altar of Xom.
  2435 | D:4      | Found a broken altar of Ashenzari.
  2435 | D:4      | Found a bloodstained altar of Trog.
  2435 | D:4      | Found an opulent altar of Gozag.
  2452 | D:4      | Reached skill level 5 in Armour
  2491 | D:4      | Reached * piety under the Shining One
  2623 | D:4      | Found a glowing silver altar of Zin.
  2659 | D:4      | Reached XP level 7. HP: 57/60 MP: 6/6
  2787 | D:4      | Reached skill level 7 in Axes
  2848 | D:4      | Found a sacrificial altar of Ru.
  2849 | D:4      | Found a sparkling altar of Nemelex Xobeh.
  2850 | D:4      | Found a stormy altar of Qazlal.
  3042 | D:5      | Entered Level 5 of the Dungeon
  3253 | D:5      | Slain by a gnoll sergeant

Illustrated notes

Levels and vault maps discovered:
D:1:      noname_arrival_rooms_in_the_neighbourhood, layout_loops_ring
D:2:      layout_rooms, nicolae_underground_beach
D:3:      layout_basic, nicolae_tso_besieged_by_evil, uniq_sigmund,
          uniq_terence, uniq_jessica
D:4:      layout_rooms, grunt_temple_overflow_open, mainiacjoe_overflow_chevrons
D:5:      layout_loops_cross, palyth_temple_overflow_mages,
          minmay_temple_entry_slanted

Skill      XL: |  1  2  3  4  5  6  7 |
---------------+----------------------+-----
Shields        | 4 |  4.8
Fighting       | 4 |  4.9
Armour         | 4 5 |  5.7
Axes           | 3 4 5 6 7 |  7.2
Dodging        | 1 |  1.4
Stealth        | |  0.1

Action                     |  1- 3 |  4- 6 |  7- 9 || total
---------------------------+-------+-------+-------++-------
  Melee: War axe           |   110 |   109 |    23 ||   242
         Headbutt          |    14 |    20 |     8 ||    42
 Armour: Scale mail        |    68 |    43 |     3 ||   114
  Dodge: Dodged            |    63 |    33 |     8 ||   104
  Block: Buckler           |    40 |    24 |     5 ||    69
